 Dungeon Crawl Stone Soup version 0.14.0-24-gfb45beb (console) character file.

166309 Garrluk the Fencer (level 18, -10/210 (217) HPs)
             Began as a Formicid Fighter on Apr 22, 2014.
             Was the Champion of the Shining One.
             Mangled by an emperor scorpion (16 damage)
             ... on Level 5 of the Spider Nest on Apr 23, 2014.
             The game lasted 02:15:46 (35036 turns).

Garrluk the Fencer (Formicid Fighter)              Turns: 35036, Time: 02:15:47

HP -10/210 (217) AC 34     Str 21      XL: 18   Next: 46%
MP   3/33        EV  1     Int 10      God: the Shining One [******]
Gold 2835        SH 57     Dex 16      Spells:  1 memorised, 16 levels left

rFire  . . .     SeeInvis .     b - +1,+3 great sword (slice)
rCold  . . .     Clarity  +     T - melded +0 plate armour
rNeg   + + +     Conserve .     D - +1 large shield
rPois  +         rCorr    .     (helmet unavailable)
rElec  .         rRot     .     j - melded +0 cloak {rCorr, Cons}
SustAb . .       Spirit   .     E - melded +0 pair of gloves
rMut   .         Warding  .     k - melded +2 pair of boots {rF+}
Saprov . . .     Stasis   +     G - amulet of clarity
MR     +....                    h - ring of poison resistance
                                F - +5 ring of protection

@: tree-form, glowing, somewhat resistant to hostile enchantments, very
unstealthy
A: permanent stasis, dig shafts and tunnels, four strong arms, (antennae 0),
(large bone plates 0)
a: Dig, Shaft Self, Divine Shield, Cleansing Flame, Summon Divine Warrior,
Renounce Religion


You were on level 5 of the Spider Nest.
You worshipped the Shining One.
The Shining One was exalted by your worship.
You were not hungry.
You were an animated tree.
You visited 5 branches of the dungeon, and saw 32 of its levels.
You also visited: Ice Cave and Volcano.

You collected 3081 gold pieces.
You spent 246 gold pieces at shops.

Inventory:

Hand weapons
 b - a +1,+3 great sword of slicing (weapon)
 O - a +1,+4 scimitar of flaming
Missiles
 p - 2 tomahawks of returning
 y - 2 throwing nets
 B - 4 javelins of penetration
 R - 2 large rocks (quivered)
Armour
 j - a +0 cloak of preservation (melded)
 k - a +2 pair of boots of fire resistance (melded)
 D - a +1 large shield (worn)
 E - a +0 pair of gloves (melded)
 T - a +0 plate armour (melded)
Magical devices
 e - a wand of cold (6)
 r - a wand of disintegration (18)
 t - a wand of cold (7)
 w - a wand of polymorph (7)
Comestibles
 a - 3 bread rations
 c - 8 meat rations
 l - 4 chunks of wolf spider flesh
 n - 2 pears
Scrolls
 f - 5 scrolls of fog
 g - 8 scrolls of remove curse
 i - a scroll of magic mapping
 m - a scroll of recharging
 v - a scroll of fear
 x - 12 scrolls of identify
 A - a scroll of vulnerability
 J - a scroll of silence
Jewellery
 h - a ring of poison resistance (right branch)
 o - an uncursed ring of protection from cold
 s - an uncursed ring of protection from fire
 C - the ring of Honesty {SustAb +Fly rN+ SInv}
   (You found it on level 5 of the Lair of Beasts)

   [ring of sustain abilities]

   It protects you from negative energy.
   It enhances your eyesight.
   It lets you fly.
 F - a +5 ring of protection (left branch)
 G - an amulet of clarity (around neck)
Potions
 z - 7 potions of curing
 H - a potion of heal wounds
 I - 3 potions of restore abilities
 K - 2 potions of might
Books
 N - a book of Beasts

   Spells                             Type                      Level
   Summon Butterflies                 Summoning                    1
   Call Canine Familiar               Summoning                    3
   Summon Ice Beast                   Ice/Summoning                4
   Summon Mana Viper                  Hexes/Summoning              5
   Monstrous Menagerie                Summoning                    6
   Summon Hydra                       Summoning                    7


   Skills:
 + Level 13.6 Fighting
 * Level 20.1 Long Blades
 - Level 8.0 Throwing
 - Level 10.0 Armour
 + Level 14.6 Shields
 + Level 11.3 Invocations


You had 16 spell levels left.
You knew the following spells:

 Your Spells              Type           Power        Failure   Level  Hunger
a - Apportation           Tloc           #.........   38%         1    N/A

Dungeon Overview and Level Annotations

Branches:
Dungeon (14/15)            Temple (1/1) D:5             Orc (4/4) D:10
    Elf (0/3) Orc:3          Lair (8/8) D:10          Swamp (0/5) Lair:6
 Spider (5/5) Lair:3        Slime (0/6) Lair:8       Vaults (0/5) D:13

Altars:
Ashenzari
Cheibriados
Dithmenos
Elyvilon
Fedhas
Kikubaaqudgha
Makhleb
Nemelex Xobeh
Okawaru
Sif Muna
Trog
Vehumet
Xom
Yredelemnul
Zin
The Shining One
Beogh

Shops:
Orc:2 (   Orc:4 *=*[(

Annotations:
D:2 Sigmund
D:13 exclusion: door
Lair:8 exclusion: oklob plant


Innate Abilities, Weirdness & Mutations

Your are under a permanent stasis effect.
You can dig through walls and to a lower floor.
Your four strong arms can wield two-handed weapons with a shield.
((You have a pair of large antennae on your head (SInv).))*
((You are partially covered in large bone plates (AC +2, SH +2).))*


Message History

You block the red wasp's attack.
You block the emperor scorpion's attack.
The emperor scorpion claws you.
* * * LOW HITPOINT WARNING * * *
The emperor scorpion claws you but does no damage.
It'd take too long for a potion to reach your roots.
Read which item? (? for menu, Esc to quit)
As you read the scroll of summoning, it crumbles to dust.
Wisps of shadow whirl around you...
Your demonic crawler dissolves into shadows!
The red wasp stings you but does no damage.
The red wasp rages.
The emperor scorpion stings you but does no damage.
You block the emperor scorpion's attack.
The emperor scorpion claws you but does no damage.
You block the emperor scorpion's attack.
The emperor scorpion claws you but does no damage.
You block the emperor scorpion's attack.
You block the red wasp's attack. The emperor scorpion stings you!
You die...

#≈≈≈..≈≈#≈%####≈
##≈.%≈###...###.
##≈...## #.^###≈.
#....≈# ####≈^..
##..≈.## #≈...#
#≈..### { ##≈.≈.#
#≈.## #+##≈..##≈
#..≈# y ..##≈..##.
###ss^# {y..##≈...≈.
#≈.s#####y..###≈....
#sy♣##..'#{ ##.....
#≈yssy..'# #....≈#
##syy.y##s..##≈..≈##
#ss#### ..##≈.###
##%## { .##..≈##
#..## ###^.≈##
#≈.≈### #####≈..≈≈
#...≈≈###^..###...
##....≈##.≈≈^##≈..
#≈≈....%##≈≈.###≈≈
##≈≈#.≈..≈.≈≈## ##.


You could see 3 emperor scorpions, a moth of wrath (fleeing), 3 red wasps, a
yellow wasp (berserk), 3 friendly wolf spiders, 2 friendly jumping spiders, a
friendly tarantella, a friendly yellow wasp and a friendly scorpion.

Vanquished Creatures
  Nikola (Spider:4)
  Arachne (Spider:4)
  A frost giant (IceCv)
  2 emperor scorpions
  An orc warlord (Orc:4)
  5 ghost moths
  The ghost of bart the Thaumaturge, a powerful HEWz of Ashenzari (Spider:1)
  A dire elephant (Lair:8)
  Snorg (Spider:1)
  A vault guard (D:13)
  Harold (Lair:2)
  10 hydras
  25 death yaks
  A deep troll shaman (Lair:8)
  Urug (Orc:3)
  4 orc high priests (Orc:4)
  2 centaur warriors (D:13)
  A sun demon (Orc:4)
  A catoblepas (Lair:8)
  An unseen horror (D:13)
  20 orb spiders
  A swamp dragon (Lair:6)
  3 hill giants
  The ghost of Infinimo the Archer, an experienced HEHu of Cheibriados (D:8)
  Pikel (D:4)
  6 orc knights
  44 wolf spiders
  Joseph (D:11)
  5 orc sorcerers (Orc:4)
  3 red wasps
  A black mamba (Lair:6)
  A sixfirhy (Orc:4)
  An orange demon (Orc:4)
  9 elephants
  2 feature mimics
  An item mimic (Lair:3)
  7 spiny frogs
  3 moths of wrath
  An efreet (D:13)
  A fire drake (Lair:8)
  12 demonic crawlers
  A hellwing (Orc:4)
  A freezing wraith (D:14)
  8 komodo dragons
  A merfolk (D:13)
  2 two-headed ogres
  38 jumping spiders
  21 polar bears
  6 trolls
  A hydra skeleton (D:13)
  Prince Ribbit (Lair:2)
  A baby alligator (Lair:6)
  A boulder beetle (Spider:5)
  A grizzly bear (Lair:8)
  5 blink frogs
  6 basilisks
  43 redbacks
  A fire dragon skeleton (D:10)
  15 trapdoor spiders
  58 yaks
  22 tarantellas
  6 humans (Volcano)
  11 ugly things
  2 elephant slugs
  12 hippogriffs
  2 hungry ghosts
  2 deep elf magi
  5 sharks
  A wyvern (D:12)
  3 toenail golems (Volcano)
  2 necrophages
  10 water moccasins
  5 porcupines
  6 wargs
  28 wolves
  A soldier ant (D:13)
  A black bear (Lair:8)
  6 giant goldfish
  8 ice beasts
  A yellow wasp (D:13)
  21 spiders
  6 phantoms
  9 centaurs
  4 ogres
  26 orc warriors
  16 crocodiles
  2 big kobolds
  10 giant slugs
  8 giant frogs
  6 scorpions
  A yak zombie (D:9)
  A troll zombie (D:9)
  4 electric eels
  9 wights
  9 killer bees
  A hippogriff zombie (D:13)
  A lava snake (Lair:6)
  4 crimson imps
  29 orc priests
  3 goliath beetles
  A two-headed ogre zombie (Orc:4)
  9 hounds
  4 jellies
  34 orc wizards
  8 big fish
  Natasha (D:4)
  7 iguanas
  3 worker ants
  7 sheep
  A mottled dragon zombie (D:9)
  A mottled dragon skeleton (D:9)
  A hound zombie (D:7)
  A worker ant zombie (D:9)
  24 adders
  67 green rats
  4 giant mites
  3 shadow imps
  5 worms
  2 ufetubi (Orc:4)
  A giant eyeball (D:9)
  14 giant geckos
  8 oozes
  193 orcs
  19 bats
  A bat skeleton (D:5)
  7 giant cockroaches
  19 goblins
  21 hobgoblins
  29 jackals
  20 kobolds
  16 quokkas
  6 giant newts
  A giant spore (D:10)
  2 goblin zombies (Orc:4)
  A kobold skeleton (D:6)
  2 kobold zombies (D:6)
  An orc skeleton (D:8)
  12 orc zombies
  27 rats
  7 ballistomycetes
  A fungus (Lair:1)
1292 creatures vanquished.

Vanquished Creatures (collateral kills)
  Aizul (Spider:2)
  A redback (Spider:2)
  A hippogriff (Lair:5)
  6 sheep (Lair:5)
  A fungus (Lair:5)
10 creatures vanquished.

Vanquished Creatures (others)
  A polar bear (IceCv)
  5 wolves
  An adder (Lair:8)
  3 green rats (Lair:8)
  An orc zombie (Orc:4)
  A giant eyeball (D:4)
  A quokka (Lair:5)
  A giant spore (D:9)
  9 fungi (Lair:8)
  4 plants
27 creatures vanquished.

Grand Total: 1329 creatures vanquished

Notes
Turn   | Place    | Note
--------------------------------------------------------------
     0 | D:1      | Garrluk, the Formicid Fighter, began the quest for the Orb.
     0 | D:1      | Reached XP level 1. HP: 18/18 MP: 1/1
    79 | D:1      | Reached XP level 2. HP: 22/24 MP: 3/3
   252 | D:1      | Reached skill level 1 in Throwing
   349 | D:1      | Reached XP level 3. HP: 26/29 MP: 4/4
   592 | D:2      | Noticed Sigmund
   751 | D:2      | Reached XP level 4. HP: 24/35 MP: 5/5
  1067 | D:3      | Found a deep blue altar of Sif Muna.
  1126 | D:3      | Reached skill level 4 in Long Blades
  1341 | D:3      | Reached XP level 5. HP: 41/41 MP: 7/7
  1606 | D:4      | Noticed a phantom
  1655 | D:4      | Killed a phantom
  1655 | D:4      | Reached XP level 6. HP: 34/47 MP: 8/8
  1712 | D:4      | Reached skill level 5 in Long Blades
  1850 | D:4      | Noticed Pikel
  1850 | D:4      | Noticed a slave
  1860 | D:4      | Noticed a slave
  1870 | D:4      | Killed Pikel
  1870 | D:4      | Reached skill level 7 in Long Blades
  1870 | D:4      | Reached XP level 7. HP: 40/52 MP: 9/9
  1870 | D:4      | Reached XP level 8. HP: 44/58 MP: 11/11
  1871 | D:4      | Noticed a freed slave
  1910 | D:4      | Noticed a freed slave
  2069 | D:4      | Noticed Natasha
  2078 | D:4      | Killed Natasha
  2165 | D:5      | Entered Level 5 of the Dungeon
  2165 | D:5      | Found a staircase to the Ecumenical Temple.
  2173 | Temple   | Entered the Ecumenical Temple
  3187 | D:5      | Found a deep blue altar of Sif Muna.
  3191 | D:5      | Found a burning altar of Makhleb.
  3191 | D:5      | Found a glowing golden altar of the Shining One.
  3191 | D:5      | Found a shattered altar of Ashenzari.
  3260 | D:5      | Became a worshipper of the Shining One
  3330 | D:5      | Reached skill level 8 in Long Blades
  4455 | D:7      | Reached XP level 9. HP: 58/64 MP: 12/12
  4504 | D:7      | Reached skill level 9 in Long Blades
  4639 | D:7      | Reached skill level 5 in Throwing
  5154 | D:8      | Noticed Infinimo's ghost (experienced HEHu)
  5384 | D:8      | Killed Infinimo's ghost
  5384 | D:8      | Reached skill level 10 in Long Blades
  5600 | D:8      | Reached XP level 10. HP: 63/65 MP: 13/13
  5630 | D:8      | Reached skill level 11 in Long Blades
  6294 | D:8      | Acquired the Shining One's first power
  6803 | D:9      | Reached skill level 12 in Long Blades
  7145 | D:9      | Reached XP level 11. HP: 70/70 MP: 15/15
  7464 | D:10     | Entered Level 10 of the Dungeon
  7515 | D:10     | Found a staircase to the Orcish Mines.
  7517 | D:10     | Found a staircase to the Lair.
  7668 | D:10     | Reached skill level 13 in Long Blades
  7976 | D:10     | Noticed a hill giant
  7983 | D:10     | Killed a hill giant
  8174 | D:10     | Noticed an orc knight
  8698 | D:11     | Noticed Joseph
  8785 | Lair:1   | Entered Level 1 of the Lair of Beasts
  8871 | Lair:1   | Got a dazzling scale mail
  8889 | Lair:1   | Identified the cursed -5 scale mail "Viumaoc" {+Inv} (You found it on level 1 of the Lair of Beasts)
  9027 | Lair:1   | Acquired the Shining One's second power
  9654 | Lair:1   | Reached skill level 14 in Long Blades
  9654 | Lair:1   | Reached skill level 5 in Shields
  9691 | Lair:1   | Reached skill level 5 in Armour
  9692 | Lair:1   | Reached XP level 12. HP: 80/80 MP: 16/16
  9949 | Lair:2   | Noticed Prince Ribbit
  9968 | Lair:2   | Killed Prince Ribbit
  9968 | Lair:2   | Reached skill level 5 in Fighting
 10143 | Lair:2   | Found a frozen archway.
 10160 | IceCv    | Entered an ice cave
 11481 | IceCv    | Noticed a frost giant
 11481 | IceCv    | Noticed a death yak
 11722 | IceCv    | Killed a frost giant
 11722 | IceCv    | Reached skill level 15 in Long Blades
 11722 | IceCv    | Reached XP level 13. HP: 72/90 MP: 17/17
 11763 | IceCv    | Killed a death yak
 12380 | Lair:2   | Noticed Harold
 12393 | Lair:2   | Killed Harold
 13095 | Lair:3   | Found a hole to the Spider Nest.
 13354 | Lair:3   | You fall through a shaft!
 13992 | Lair:3   | You fall through a shaft!
 14374 | Lair:3   | You fall through a shaft for 3 floors!
 14994 | Lair:6   | Found a staircase to the Swamp.
 15354 | Lair:5   | Reached skill level 16 in Long Blades
 15757 | Lair:4   | Reached XP level 14. HP: 82/101 MP: 18/18
 15913 | D:11     | Killed Joseph
 15929 | D:11     | the was a mimic.
 16079 | D:11     | Gained mutation: You are partially covered in large bone plates (AC +2, SH +2). [potion of beneficial mutation]
 16859 | D:12     | Learned a level 1 spell: Apportation
 17636 | D:13     | Acquired the Shining One's third power
 17840 | D:13     | Found a gate to the Vaults.
 17845 | D:13     | Reached skill level 10 in Shields
 18299 | D:14     | Got a pitted short sword
 18300 | D:14     | Identified the +12,+8 short sword "Friusiunt" {slice, +Fly rElec rC- rN+} (You found it on level 14 of the Dungeon)
 18602 | Lair:3   | Reached skill level 1 in Invocations
 18621 | Lair:3   | Reached skill level 10 in Armour
 19021 | Lair:4   | Reached skill level 10 in Fighting
 19380 | Lair:5   | Got a slimy bronze ring
 19381 | Lair:5   | Identified the ring of Honesty {SustAb +Fly rN+ SInv} (You found it on level 5 of the Lair of Beasts)
 20075 | Lair:6   | Reached skill level 17 in Long Blades
 20300 | Lair:6   | Reached XP level 15. HP: 75/110 MP: 23/23
 21580 | Lair:8   | Entered Level 8 of the Lair of Beasts
 21895 | Lair:8   | Reached skill level 5 in Invocations
 21915 | Lair:8   | Acquired the Shining One's fourth power
 22022 | Lair:8   | Found a staircase to the Slime Pits.
 22492 | Lair:8   | Reached skill level 18 in Long Blades
 23015 | Lair:8   | Reached XP level 16. HP: 98/121 MP: 27/27
 23059 | Lair:8   | Got a dazzling demon blade
 23060 | Lair:8   | Identified the +2,+2 demon blade "String" {flame, rElec rC+} (You found it on level 8 of the Lair of Beasts)
 23260 | Orc:1    | Entered Level 1 of the Orcish Mines
 23588 | Orc:1    | Found a dark tunnel.
 23600 | Volcano  | Entered a volcano
 25246 | Orc:3    | Found a roughly hewn altar of Beogh.
 25293 | Orc:3    | Noticed Urug
 25308 | Orc:3    | Killed Urug
 25622 | Orc:3    | Found a bloodstained altar of Trog.
 25647 | Orc:3    | Found a staircase to the Elven Halls.
 26064 | Orc:2    | Found Pnaumaq's Antique Weapon Shoppe.
 26070 | Orc:2    | Bought a dazzling long sword for 246 gold pieces
 26071 | Orc:2    | Identified the +0,+8 long sword of Benevolence {drain, +Rage rN+} (You bought it in a shop on level 2 of the Orcish Mines)
 26185 | Orc:4    | Entered Level 4 of the Orcish Mines
 26257 | Orc:4    | Found a radiant altar of Vehumet.
 27239 | Orc:4    | Found Jiawy's Assorted Antiques.
 27791 | Orc:4    | Found a roughly hewn altar of Beogh.
 27824 | Orc:4    | Found Xolextiz's General Store.
 27885 | Orc:4    | Found Phuog's Jewellery Boutique.
 27904 | Orc:4    | Found Finue's Antique Weapon Boutique.
 27941 | Orc:4    | Found Maomm's Antique Armour Boutique.
 28145 | Spider:1 | Entered Level 1 of the Spider Nest
 28195 | Spider:1 | Noticed bart's ghost (powerful HEWz)
 28205 | Spider:1 | Killed bart's ghost
 28414 | Spider:1 | Noticed Snorg
 28449 | Spider:1 | Killed Snorg
 29053 | Spider:2 | Noticed Aizul
 29070 | Spider:2 | Killed Aizul
 29444 | Spider:2 | Reached skill level 19 in Long Blades
 29501 | Spider:2 | Reached XP level 17. HP: 111/130 MP: 30/30
 31416 | Spider:3 | Reached skill level 10 in Invocations
 32084 | Spider:4 | Noticed Arachne
 32579 | Spider:4 | Noticed Nikola
 32597 | Spider:4 | Killed Arachne
 32612 | Spider:4 | Killed Nikola
 32626 | Spider:4 | Identified a +0 cloak of preservation (You took it off Nikola on level 4 of the Spider Nest)
 33471 | Spider:5 | Entered Level 5 of the Spider Nest
 33489 | Spider:4 | Reached XP level 18. HP: 136/138 MP: 0/32
 34254 | Spider:5 | Reached skill level 20 in Long Blades
 35035 | Spider:5 | HP: 5/210 [emperor scorpion (6)]
 35036 | Spider:5 | Mangled by an emperor scorpion

Action                   |  1- 3 |  4- 6 |  7- 9 | 10-12 | 13-15 | 16-18 || total
-------------------------+-------+-------+-------+-------+-------+-------++-------
Melee: Long sword        |   115 |   141 |   238 |       |       |     2 ||   496
       Great sword       |       |       |   139 |   688 |  1353 |  1530 ||  3710
       Scimitar          |       |       |       |       |    37 |       ||    37
Throw: Dart              |       |    10 |     2 |       |       |       ||    12
       Stone             |       |     2 |    14 |     6 |    17 |       ||    39
       Tomahawk          |       |       |       |    46 |    65 |   112 ||   223
       Large rock        |       |       |       |       |    17 |    12 ||    29
Invok: Divine Shield     |       |       |       |       |       |     2 ||     2
       Summon Divine War |       |       |       |       |       |     1 ||     1
 Abil: Dig               |       |       |     4 |    23 |    42 |    30 ||    99
       Shaft Self        |       |       |       |       |     3 |       ||     3
Evoke: Wand              |       |       |     3 |     7 |    23 |     2 ||    35
  Use: Potion            |       |     4 |     2 |     5 |    11 |     4 ||    26
       Scroll            |       |     1 |    11 |     5 |    12 |     5 ||    34
